 Dungeon Crawl Stone Soup version 0.21.1-1-g345015f (webtiles) character file.

812 rgaf the Slinger (level 8, -6/49 HPs)
             Began as a Halfling Hunter on Feb 5, 2018.
             Mangled by Edmund
             ... wielding a +4 dire flail of protection
              (11 damage)
             ... on level 5 of the Dungeon.
             The game lasted 00:06:13 (5254 turns).

rgaf the Slinger (Halfling Hunter)                  Turns: 5254, Time: 00:06:14

Health: -6/49      AC: 11    Str: 15    XL:     8   Next: 15%
Magic:  8/8        EV:  9    Int:  9    God:
Gold:   183        SH:  0    Dex: 15    Spells: 7/7 levels left

rFire    . . .     SeeInvis .   a - +1 hunting sling
rCold    . . .     Gourm    .   (shield restricted)
rNeg     . . .     Faith    .   q - +0 chain mail
rPois    .         Spirit   .   (no helmet)
rElec    .         Reflect  .   (no cloak)
rCorr    .         Harm     .   B - +0 pair of gloves
MR       .....                  e - +0 pair of boots
Stlth    ..........             (no amulet)
HPRegen  0.16/turn              (no ring)
MPRegen  0.11/turn              (no ring)

@: no status effects
A: small, mutation resistance 1
a: no special abilities


You were on level 5 of the Dungeon.
You were not hungry.

You visited 1 branch of the dungeon, and saw 5 of its levels.

You collected 183 gold pieces.

Inventory:

Hand Weapons
 a - a +1 hunting sling (weapon)
 b - a +1 flail of crushing
 p - a +0 short sword
 t - a +0 flail
Missiles
 g - 110 stones (quivered)
Armour
 c - a +0 leather armour
 e - a +0 pair of boots (worn)
 q - a +0 chain mail (worn)
 B - a +0 pair of gloves (worn)
Jewellery
 j - an uncursed amulet of rage {unknown}
 u - an uncursed amulet of guardian spirit {unknown}
Wands
 y - a wand of iceblast (7)
 z - a wand of disintegration (16)
 C - a wand of flame (16)
Scrolls
 h - 2 scrolls of remove curse {unknown}
 k - a scroll of noise {unknown}
 l - a scroll of magic mapping {unknown}
 n - 4 scrolls of teleportation {unknown}
 o - a scroll of random uselessness {unknown}
 s - 3 scrolls of immolation {unknown}
 v - a scroll of enchant weapon {unknown}
 w - a scroll of fear {unknown}
 A - a scroll of identify {unknown}
Potions
 m - 2 potions of curing
 r - a potion of degeneration {unknown}
 D - a potion of mutation {unknown}
Books
 x - a book of Misfortune

   Spells                             Type                      Level
   a - Confusing Touch                Hexes                        1
   b - Confuse                        Hexes                        3
   c - Gell's Gravitas                Translocation                3
   d - Petrify                        Transmutation/Earth          4
   e - Metabolic Englaciation         Hexes/Ice                    5
   f - Yara's Violent Unravelling     Hexes/Transmutation          5
Comestibles
 f - 14 rations
 E - 2 chunks of flesh


   Skills:
 - Level 1.7 Fighting
 + Level 3.1 Maces & Flails
 + Level 11.1 Slings
 + Level 3.8 Armour
 - Level 2.1 Dodging
 - Level 1.1 Stealth


You had 7 spell levels left.
You didn't know any spells.

Dungeon Overview and Level Annotations

Branches:
Dungeon (5/15)
 Temple: D:4-7

Altars:
Ashenzari
Kikubaaqudgha
Nemelex Xobeh
Qazlal

Annotations:
D:5 Edmund


Innate Abilities, Weirdness & Mutations

You are small and have problems with some larger weapons.
You are somewhat resistant to further mutation.


Message History

Edmund is severely wounded.
Firing (i - inventory. (,) - cycle):
d - 2 sling bullets (quivered)
Press: ? - help, Shift-Dir - straight line, f/p - Edmund
Aim: Edmund, wielding a dire flail of protection and wearing a chain mail (severely wounded)
You shoot a sling bullet. The sling bullet hits Edmund.
Edmund is almost dead.
Edmund barely misses you.
Firing (i - inventory. (,) - cycle):
d - a sling bullet (quivered)
Press: ? - help, Shift-Dir - straight line, f/p - Edmund
Aim: Edmund, wielding a dire flail of protection and wearing a chain mail (almost dead)
You shoot a sling bullet.
The sling bullet hits Edmund but does no damage.
Edmund is almost dead.
Firing (i - inventory):
g - 111 stones (quivered)
Press: ? - help, Shift-Dir - straight line, f/p - Edmund
Aim: Edmund, wielding a dire flail of protection and wearing a chain mail (almost dead)
You shoot a stone. The stone hits Edmund!
Edmund is almost dead.
Edmund hits you with a dire flail of protection!
You die...

..# #..###.####.###
#.# # #...#.>)....#
...
...######.######.#
... .................
.#########..#######..
.#.......).......)#
.#...#...........##
.###.##)#.........#
..P#..###.######@.#
...#........≈#.@..#
.P.#..#.....≈#....#
...################
..... #.#### .. ..


You could see Edmund.

Vanquished Creatures
  Sigmund (D:5)
  Blork the orc (D:4)
  2 scorpions (D:4)
  2 hounds
  A bullfrog skeleton (D:5)
  A gnoll shaman (D:5)
  2 orc priests
  2 orc wizards
  Terence (D:2)
  Jessica (D:2)
  A worker ant (D:5)
  A killer bee zombie (D:5)
  5 gnolls
  3 adders
  A worm (D:3)
  4 leopard geckos
  12 orcs
  5 bats
  4 giant cockroaches
  2 goblins
  7 hobgoblins
  4 jackals (D:5)
  2 quokkas
  2 ball pythons
  A frilled lizard (D:3)
  6 kobolds
  8 rats
82 creatures vanquished.

Notes
Turn   | Place    | Note
-------+----------+-------------------------------------------
     0 | D:1      | rgaf the Halfling Hunter began the quest for the Orb.
     0 | D:1      | Reached XP level 1. HP: 14/14 MP: 1/1
   216 | D:1      | Reached skill level 6 in Slings
   509 | D:1      | Reached XP level 2. HP: 19/19 MP: 2/2
  1226 | D:2      | Reached skill level 7 in Slings
  1226 | D:2      | Reached XP level 3. HP: 21/24 MP: 3/3
  1404 | D:2      | Noticed Terence
  1437 | D:2      | Killed Terence
  1437 | D:2      | Reached XP level 4. HP: 11/29 MP: 4/4
  1647 | D:2      | Noticed Jessica
  1653 | D:2      | Killed Jessica
  1653 | D:2      | Reached skill level 8 in Slings
  1695 | D:2      | Reached XP level 5. HP: 28/34 MP: 5/5
  1817 | D:2      | Reached skill level 9 in Slings
  2236 | D:3      | Found a shattered altar of Ashenzari.
  2255 | D:3      | Found a stormy altar of Qazlal.
  2571 | D:3      | Reached XP level 6. HP: 39/39 MP: 6/6
  2693 | D:3      | Found an ancient bone altar of Kikubaaqudgha.
  3049 | D:4      | Reached skill level 1 in Maces & Flails
  3049 | D:4      | Reached skill level 10 in Slings
  3049 | D:4      | Reached skill level 1 in Armour
  3207 | D:4      | Found a sparkling altar of Nemelex Xobeh.
  3599 | D:4      | Noticed Blork the orc
  3611 | D:4      | Killed Blork the orc
  3611 | D:4      | Reached XP level 7. HP: 44/44 MP: 7/7
  4086 | D:5      | Entered Level 5 of the Dungeon
  5145 | D:5      | Noticed Sigmund
  5163 | D:5      | Killed Sigmund
  5163 | D:5      | Reached skill level 11 in Slings
  5163 | D:5      | Reached XP level 8. HP: 38/49 MP: 8/8
  5204 | D:5      | Noticed Edmund
  5254 | D:5      | Mangled by Edmund

Skill      XL: |  1  2  3  4  5  6  7 |
---------------+----------------------+-----
Slings         | 6 7 8 9 10 11 | 11.1
Maces & Flails | 1 3 |  3.1
Armour         | 2 3 |  3.8
Fighting       | |  1.7
Dodging        | |  2.1
Stealth        | |  1.1

Action                   |  1- 3 |  4- 6 |  7- 9 || total
-------------------------+-------+-------+-------++-------
Melee: Short sword       |     9 |       |       ||     9
       Flail             |       |    63 |    49 ||   112
 Fire: Hunting sling     |    97 |   171 |   134 ||   402
  Use: Potion            |       |       |     2 ||     2
  Eat: Chunk             |     1 |     7 |     5 ||    13
Armor: Leather armour    |     8 |       |       ||     8
       Chain mail        |       |    89 |    50 ||   139
       Skin              |       |       |    20 ||    20
Dodge: Dodged            |    35 |    72 |    46 ||   153
